 Dungeon Crawl Stone Soup version 0.25.1-9-gc5326a611f (webtiles) character file.

Game seed: 10891398557234854536

361 teolandon225 the Chopper (level 6, -7/56 HPs)
             Began as a Minotaur Berserker on Dec 27, 2020.
             Was a Believer of Trog.
             Engulfed by an orc wizard's flame (29 damage)
             ... on level 4 of the Dungeon.
             The game lasted 00:08:18 (3385 turns).

teolandon225 the Chopper (Minotaur Berserker)       Turns: 3385, Time: 00:08:19

Health: -7/56      AC:  7    Str: 24    XL:     6   Next: 38%
Magic:  5/5        EV: 11    Int:  4    God:    Trog [**....]
Gold:   150        SH:  0    Dex:  9    Spells: 5/5 levels left

rFire    . . .     SeeInvis .   a - +0 hand axe
rCold    . . .     Gourm    .   (no shield)
rNeg     . . .     Faith    .   h - +0 scale mail
rPois    .         Spirit   .   (helmet restricted)
rElec    .         Reflect  .   (no cloak)
rCorr    .         Harm     .   (no gloves)
MR       .....                  (no boots)
Stlth    ..........             (no amulet)
HPRegen  0.18/turn              (no ring)
MPRegen  0.09/turn              (no ring)

@: about to teleport, berserk cooldown, slowed, very slow
A: retaliatory headbutt, horns 2
a: Berserk, Trog's Hand, Renounce Religion


You were on level 4 of the Dungeon.
You worshipped Trog.
Trog was pleased with you.
You were very hungry.

You visited 1 branch of the dungeon, and saw 4 of its levels.

You collected 150 gold pieces.

Inventory:

Hand Weapons
 a - a +0 hand axe (weapon)
 m - a +0 club
Armour
 b - a +0 animal skin
 h - a +0 scale mail (worn)
Wands
 n - a wand of random effects (19)
Scrolls
 d - a scroll of remove curse
 e - a scroll of identify
 f - a scroll of teleportation
 j - a scroll of fog
Potions
 g - a potion of magic
 i - a potion of brilliance
 k - a potion of might
 l - a potion of heal wounds
 o - a potion of curing
Comestibles
 c - 3 rations


   Skills:
 + Level 5.1 Fighting
 * Level 6.0 Axes
 + Level 4.3 Armour
 + Level 3.9 Dodging


You had 5 spell levels left.
You didn't know any spells.
Your spell library was empty.

Dungeon Overview and Level Annotations

Branches:
Dungeon (4/15)
 Temple: D:4-7

Altars:
Makhleb
Qazlal
Yredelemnul


Innate Abilities, Weirdness & Mutations

You reflexively headbutt those who attack you in melee.
You have a pair of horns on your head.


Message History

The orc hits you but does no damage.
You hit something. You completely miss the orc.
The orc hits you but does no damage. x2
You closely miss something. You hit the orc but do no damage. You hit the orc.
Something hits you. The orc closely misses you. x2
You hear a zap.
Something creates a blast of flame!
The orc barely misses you.
You closely miss something. You hit the orc. You barely miss the orc.
You are engulfed in blazing flames.
Ouch! That really hurt!
The orc closely misses you. You furiously retaliate!
You headbutt the orc, but do no damage. Something hits you but does no damage.
The orc hits you with a +0 hand axe. The orc closely misses you.
You furiously retaliate!
You headbutt the orc!
You kill the orc!
Trog accepts your kill.
As you read the scroll of teleportation, it crumbles to dust.
You feel strangely unstable.
You are engulfed in blazing flames.
Ouch! That really hurt!
You die...

............. #.#
#......... #.#
##......# ##.####
#..#....#####...<.####
##.#......##.....)....#
#.....§§§))...........#
..#.###§###[..........#
..^ #§# #...........#
... ###@####.........##
. ..#.o{[#.).........#
..........#.#.........#
..........#.#.........#
...#####....#....<....#
.. #..............# .
<....###.........#
.......# ##.......##
...###.# ##.....##


You could see an orc.

Vanquished Creatures
  An ogre (D:4)
  A hound (D:4)
  2 orc priests (D:3)
  An iguana (D:4)
  A worker ant (D:4)
  An orc wizard (D:3)
  An adder (D:2)
  A gnoll (D:1)
  An adder skeleton (D:4)
  2 worms
  3 dart slugs (D:1)
  4 leopard geckos
  10 orcs
  3 giant cockroaches
  9 goblins
  8 hobgoblins
  2 quokkas
  6 bats
  3 frilled lizards (D:1)
  5 kobolds
  6 rats
71 creatures vanquished.

Notes
Turn   | Place    | Note
-------+----------+-------------------------------------------
     0 | D:1      | teolandon225 the Minotaur Berserker began the quest for the
                  | Orb.
     0 | D:1      | Reached XP level 1. HP: 19/19 MP: 0/0
    92 | D:1      | Reached XP level 2. HP: 19/27 MP: 1/1
   210 | D:1      | Reached skill level 4 in Axes
   471 | D:1      | Reached XP level 3. HP: 33/33 MP: 2/2
   625 | D:1      | Reached ** piety under Trog
  1718 | D:2      | Found a stormy altar of Qazlal.
  1806 | D:2      | Reached XP level 4. HP: 41/41 MP: 3/3
  2325 | D:3      | Found a basalt altar of Yredelemnul.
  2715 | D:3      | Found a burning altar of Makhleb.
  2726 | D:3      | Reached skill level 5 in Axes
  2726 | D:3      | Reached XP level 5. HP: 40/47 MP: 4/4
  3100 | D:4      | Reached XP level 6. HP: 14/55 MP: 5/5
  3369 | D:4      | Reached skill level 5 in Fighting
  3371 | D:4      | Reached skill level 6 in Axes
  3385 | D:4      | Engulfed by an orc wizard's flame

Illustrated notes

Levels and vault maps discovered:
D:1:      lightli_arrival_flooded_house, layout_basic,
          hangedman_abyss_or_decor_lesser_grid, minmay_close_crescents
D:2:      layout_loops_ring, grunt_qazlal_sundering, minmay_puff
D:3:      layout_basic, lightli_temple_of_fire, yredelemnul_altar_generic
D:4:      layout_rooms, first_ration, nicolae_tso_carved_into_rock

Skill      XL: |  1  2  3  4  5  6 |
---------------+-------------------+-----
Fighting       | 4 5 |  5.1
Axes           | 4 5 6 |  6.0
Armour         | 3 4 |  4.3
Dodging        | 3 |  3.9

Action                   |  1- 3 |  4- 6 || total
-------------------------+-------+-------++-------
Melee: Hand axe          |    73 |    90 ||   163
       Headbutt          |     8 |    13 ||    21
Invok: Berserk           |       |     2 ||     2
  Use: Scroll            |       |    10 ||    10
  Eat: Chunk             |     2 |     3 ||     5
       Ration            |       |     1 ||     1
Armor: Animal skin       |    11 |     1 ||    12
       Scale mail        |       |    20 ||    20
Dodge: Dodged            |    37 |    49 ||    86
